 Dungeon Crawl Stone Soup version 0.25-a0-287-g56a5b49892 (webtiles) character file.

Game seed: 16476237621333108865, levelgen mode: deterministic

259 MoonlitKnight the Ruffian (level 5, -1/54 HPs)
             Began as a Troll Berserker on Dec 12, 2019.
             Was a Believer of Trog.
             Slain by a leopard gecko (3 damage)
             ... on level 3 of the Dungeon.
             The game lasted 00:03:12 (1368 turns).

MoonlitKnight the Ruffian (Troll Berserker)         Turns: 1368, Time: 00:03:12

Health: -1/54      AC:  6    Str: 26    XL:     5   Next: 94%
Magic:  4/4        EV: 11    Int:  3    God:    Trog [**....]
Gold:   115        SH:  0    Dex:  9    Spells: 4/4 levels left

rFire    . . .     SeeInvis .     - Unarmed
rCold    . . .     Gourm    +   (no shield)
rNeg     . . .     Faith    .   a - +0 animal skin
rPois    .         Spirit   .   (helmet restricted)
rElec    .         Reflect  .   (no cloak)
rCorr    .         Harm     .   (gloves unavailable)
MR       .....                  (boots unavailable)
Stlth    +.........             (no amulet)
HPRegen  0.58/turn              (no ring)
MPRegen  0.09/turn              (no ring)

@: no status effects
A: large, unfitting armour, claws 3, fast metabolism 3, gourmand, regeneration
1, shaggy fur 1, tough skin 3
a: Berserk, Trog's Hand, Renounce Religion


You were on level 3 of the Dungeon.
You worshipped Trog.
Trog was pleased with you.
You were completely stuffed.

You visited 1 branch of the dungeon, and saw 3 of its levels.

You collected 115 gold pieces.

Inventory:

Hand Weapons
 k - a +0 shortbow
Missiles
 d - 15 poisoned darts (quivered)
 l - 19 arrows
Armour
 a - a +0 animal skin (worn)
Jewellery
 e - a +3 ring of evasion {unknown}
Scrolls
 c - a scroll of remove curse {unknown}
 f - a scroll of enchant weapon {unknown}
 i - 2 scrolls of identify {unknown}
Potions
 g - a potion of heal wounds {unknown}
 h - a potion of lignification {unknown}
 m - a potion of cancellation {unknown}
Comestibles
 b - 7 rations
 j - 8 chunks of flesh


   Skills:
 + Level 3.7 Fighting
 + Level 3.7 Dodging
 + Level 4.5 Unarmed Combat


You had 4 spell levels left.
You didn't know any spells.
Your spell library was empty.

Dungeon Overview and Level Annotations

Branches:
Dungeon (3/15)

Altars:


Innate Abilities, Weirdness & Mutations

You are too large for most types of armour.
You have claws for hands.
Your metabolism is lightning-fast.
You like to eat raw meat.
Your natural rate of healing is unusually fast.
You are covered in fur. (AC +1)
You have extremely tough skin. (AC +3)


Message History

Trog accepts your kill. Something hits you.
* * * LOW HITPOINT WARNING * * *
A rat comes into view.
The leopard gecko bites you but does no damage.
You claw the kobold!
You kill the kobold!
Trog accepts your kill. Something hits you but does no damage.
The leopard gecko bites you but does no damage.
You hear some strange, mumbled words.
A magic dart appears from out of thin air!
The magic dart hits you.
* * * LOW HITPOINT WARNING * * *
You closely miss something. Your claw misses something.
Something hits you but does no damage. The leopard gecko bites you.
* * * LOW HITPOINT WARNING * * *
You closely miss something. Something hits you but does no damage.
The leopard gecko bites you.
You die...

+.# #...#.[) #.#
##...#([) #.# #.....(.(
#.# #....#... #+##+##.#
#....####
#####....##.####....####
..r.....................
#.r.l..###.##.#...####
#...{@.# #....###.....
#...)(.# ####.........
#......######.........
........................
...########.###.........
.. #......... .
#......... #.........
##########


You could see a leopard gecko and 2 rats.

Vanquished Creatures
  A centaur (D:2)
  2 orc wizards (D:3)
  6 adders
  2 dart slugs (D:1)
  4 leopard geckos
  5 orcs (D:3)
  3 giant cockroaches
  8 goblins
  6 hobgoblins
  11 kobolds
  8 bats
  A frilled lizard (D:1)
  5 rats
62 creatures vanquished.

Notes
Turn   | Place    | Note
-------+----------+-------------------------------------------
     0 | D:1      | MoonlitKnight the Troll Berserker began the quest for the
                  | Orb.
     0 | D:1      | Reached XP level 1. HP: 22/22 MP: 0/0
   232 | D:1      | Reached XP level 2. HP: 29/29 MP: 1/1
   583 | D:1      | Reached XP level 3. HP: 36/36 MP: 2/2
   843 | D:2      | Noticed a centaur
   849 | D:2      | Killed a centaur
   849 | D:2      | Reached XP level 4. HP: 40/45 MP: 3/3
   861 | D:2      | Reached skill level 4 in Unarmed Combat
  1121 | D:2      | Reached ** piety under Trog
  1148 | D:2      | Reached XP level 5. HP: 53/53 MP: 4/4
  1366 | D:3      | HP: 2/54 [something/magic dart (6)]
  1368 | D:3      | Slain by a leopard gecko

Levels and vault maps discovered:
D:1:      sevenhm_arrival_forest_fort_small_4, layout_basic
D:2:      minmay_diamond_boxcup, layout_basic
D:3:      layout_basic, biasface_ghost_orc_armoury

Skill      XL: |  1  2  3  4 |
---------------+-------------+-----
Fighting       | 3 |  3.7
Dodging        | 3 |  3.7
Unarmed Combat | 4 |  4.5

Action                   |  1- 3 |  4- 6 || total
-------------------------+-------+-------++-------
Melee: Unarmed           |    55 |    87 ||   142
       Punch             |       |     3 ||     3
Invok: Berserk           |       |     1 ||     1
 Stab: Sleeping          |       |     1 ||     1
  Eat: Chunk             |    13 |     6 ||    19
Armor: Animal skin       |    27 |    48 ||    75
Dodge: Dodged            |    20 |    56 ||    76

Table legend:
 A = Non-vault XP
 B = Vault XP
 C = Vault XP percentage of total XP
 D = Non-vault monster count
 E = Vault monster count
 F = Vault count percentage of total count
                 A         B        C        D         E       F
            +---------+---------+-------+---------+---------+-------
      Total |     341 |      29 |   7.8 |      53 |       9 |  14.5
            +---------+---------+-------+---------+---------+-------
        D:1 |      43 |       0 |   0.0 |      22 |       0 |   0.0
        D:2 |     148 |      29 |  16.4 |      14 |       9 |  39.1
        D:3 |     150 |       0 |   0.0 |      17 |       0 |   0.0
            +---------+---------+-------+---------+---------+-------
